[ AOE2 MATCH · #505412404 ]
UnrankedPoles vs Goths
Player's team · LOSS
Rival team · WIN
[ REPLAY ANALYSIS · EXTRACTED FROM THE RECORDED GAME ]
Feudal
8:53
Castle
20:35
Imperial
—
| APM avg | 65.5 |
| APM peak | 110 |
| eAPM avg | 28.3 |
| Villagers / military | 91 / 53 |
Focus
⚔️ 46.9% · 🌾 53.1%
Cavalry Archer ×21 · Skirmisher ×10 · Archer ×7 · Scout Cavalry ×5 · Mangonel ×4 · Monk ×3
Feudal
10:59
Castle
19:15
Imperial
—
| APM avg | 59.6 |
| APM peak | 110 |
| eAPM avg | 24.0 |
| Villagers / military | 122 / 46 |
Focus
⚔️ 25.9% · 🌾 74.1%
Archer ×23 · Huskarl ×15 · Militia ×3 · Mangonel ×3 · Spearman ×2
Match map
Initial resources + every placement click. Lines = walls · curves = elevation contours. ◆ gold · ⬟ stone · ● berries · ✦ relic · ◌ wall gap
Your base· ✓ Closed at 20:35 · 34t walls · 1 gate(s)
Mawashigeri's base· ✓ Closed at 19:15 · 55t walls · no gate
Smoothed initial terrain · ◌ = detected wall gap · hover for details
Inputs per minute
— 吊大师 - - Mawashigeri
Build order — 吊大师
First 150 of 282 actions detected
| 0:00 | Queue | Villager (Male) |
| 0:01 | Queue | Villager (Male) |
| 0:02 | Build | House |
| 0:02 | Build | House |
| 0:05 | Queue | Villager (Male) |
| 0:05 | Queue | Villager (Male) |
| 1:26 | Queue | Villager (Male) |
| 1:26 | Queue | Villager (Male) |
| 1:45 | Build | Lumber Camp |
| 1:59 | Queue | Villager (Male) |
| 1:59 | Queue | Villager (Male) |
| 2:19 | Queue | Villager (Male) |
| 2:19 | Queue | Villager (Male) |
| 2:47 | Queue | Villager (Male) |
| 2:47 | Queue | Villager (Male) |
| 3:18 | Queue | Villager (Male) |
| 3:19 | Queue | Villager (Male) |
| 3:37 | Queue | Villager (Male) |
| 3:41 | Queue | Villager (Male) |
| 3:49 | Build | House |
| 3:52 | Build | Palisade Wall |
| 4:22 | Queue | Villager (Male) |
| 4:28 | Build | Palisade Wall |
| 4:33 | Build | Palisade Wall |
| 5:00 | Build | House |
| 5:03 | Queue | Villager (Male) |
| 5:10 | Queue | Villager (Male) |
| 5:19 | Queue | Villager (Male) |
| 5:29 | Build | Mill |
| 5:37 | Research | Loom |
| 6:25 | Research | Feudal Age |
| 6:50 | Queue | Villager (Male) |
| 6:59 | Queue | Villager (Male) |
| 7:32 | Build | Barracks |
| 8:29 | Build | Palisade Gate |
| 8:53 | Age | Feudal Age |
| 9:02 | Build | Stable |
| 9:10 | Build | Palisade Wall |
| 9:12 | Build | Palisade Wall |
| 9:50 | Queue | Scout Cavalry |
| 9:51 | Queue | Villager (Male) |
| 9:52 | Research | Double-Bit Axe |
| 9:53 | Research | Double-Bit Axe |
| 9:57 | Queue | Villager (Male) |
| 9:59 | Queue | Villager (Male) |
| 10:08 | Queue | Scout Cavalry |
| 10:17 | Build | House |
| 10:27 | Queue | Villager (Male) |
| 10:30 | Queue | Scout Cavalry |
| 10:32 | Research | Horse Collar |
| 10:32 | Research | Horse Collar |
| 10:44 | Queue | Villager (Male) |
| 10:46 | Build | House |
| 10:54 | Queue | Villager (Male) |
| 10:58 | Build | Farm |
| 11:04 | Queue | Villager (Male) |
| 11:07 | Build | House |
| 11:35 | Build | House |
| 11:38 | Build | Palisade Wall |
| 11:40 | Build | Palisade Wall |
| 12:04 | Queue | Villager (Male) |
| 12:05 | Build | Archery Range |
| 12:09 | Build | Mining Camp |
| 12:14 | Build | Mining Camp |
| 12:16 | Build | Mining Camp |
| 12:21 | Queue | Villager (Male) |
| 12:34 | Build | Farm |
| 12:43 | Build | House |
| 12:49 | Build | Farm |
| 13:02 | Queue | Archer |
| 13:04 | Queue | Villager (Male) |
| 13:06 | Build | Farm |
| 13:29 | Queue | Spearman |
| 13:31 | Queue | Villager (Male) |
| 13:33 | Build | Blacksmith |
| 13:41 | Queue | Archer |
| 13:59 | Build | Farm |
| 14:09 | Build | Mill |
| 14:15 | Queue | Archer |
| 14:35 | Queue | Archer |
| 14:36 | Queue | Villager (Male) |
| 14:38 | Research | Fletching |
| 14:44 | Build | Farm |
| 14:44 | Build | Farm |
| 14:45 | Build | Farm |
| 14:49 | Queue | Villager (Male) |
| 15:04 | Queue | Villager (Male) |
| 15:09 | Build | Farm |
| 15:18 | Queue | Villager (Male) |
| 15:24 | Build | Farm |
| 15:27 | Queue | Archer |
| 15:30 | Queue | Villager (Male) |
| 15:34 | Build | House |
| 15:41 | Queue | Archer |
| 15:50 | Build | Farm |
| 15:58 | Build | House |
| 15:59 | Build | Palisade Wall |
| 16:07 | Queue | Archer |
| 16:23 | Build | Farm |
| 16:33 | Build | Farm |
| 16:35 | Build | Farm |
| 16:47 | Queue | Villager (Male) |
| 16:58 | Build | House |
| 16:59 | Build | Palisade Wall |
| 17:07 | Build | Farm |
| 17:13 | Queue | Villager (Male) |
| 17:31 | Build | Farm |
| 17:42 | Build | House |
| 17:44 | Build | Palisade Wall |
| 17:55 | Research | Castle Age |
| 18:08 | Research | Padded Archer Armor |
| 18:23 | Build | Archery Range |
| 18:30 | Build | Lumber Camp |
| 18:37 | Queue | Skirmisher |
| 18:45 | Queue | Skirmisher |
| 18:50 | Research | Gold Mining |
| 19:01 | Queue | Scout Cavalry |
| 19:04 | Research | Bloodlines |
| 19:04 | Research | Bloodlines |
| 19:05 | Queue | Skirmisher |
| 19:17 | Queue | Skirmisher |
| 19:28 | Build | Watch Tower |
| 19:41 | Queue | Skirmisher |
| 19:46 | Queue | Scout Cavalry |
| 19:53 | Build | Lumber Camp |
| 20:03 | Queue | Skirmisher |
| 20:20 | Queue | Villager (Male) |
| 20:35 | Age | Castle Age |
| 20:37 | Queue | Villager (Male) |
| 20:40 | Build | Siege Workshop |
| 20:45 | Research | Bodkin Arrow |
| 20:45 | Research | Bodkin Arrow |
| 21:09 | Queue | Villager (Male) |
| 21:11 | Queue | Skirmisher |
| 21:16 | Research | Elite Skirmisher (upgrade) |
| 21:16 | Research | Elite Skirmisher (upgrade) |
| 21:21 | Queue | Villager (Male) |
| 21:42 | Research | Leather Archer Armor |
| 21:43 | Research | Leather Archer Armor |
| 21:43 | Queue | Mangonel |
| 21:51 | Queue | Skirmisher |
| 22:07 | Queue | Villager (Male) |
| 22:12 | Queue | Villager (Male) |
| 22:23 | Queue | Mangonel |
| 22:34 | Queue | Villager (Male) |
| 22:40 | Build | Monastery |
| 22:45 | Queue | Cavalry Archer |
| 22:45 | Queue | Cavalry Archer |
| 22:53 | Research | Husbandry |
| 22:53 | Research | Husbandry |
Build order — Mawashigeri
First 150 of 331 actions detected
| 0:00 | Queue | Villager (Male) |
| 0:01 | Build | House |
| 0:02 | Build | House |
| 0:02 | Queue | Villager (Male) |
| 0:05 | Queue | Villager (Male) |
| 0:05 | Queue | Villager (Male) |
| 0:06 | Research | Loom |
| 1:23 | Queue | Villager (Male) |
| 1:45 | Build | Lumber Camp |
| 1:58 | Queue | Villager (Male) |
| 2:21 | Queue | Villager (Male) |
| 2:48 | Queue | Villager (Male) |
| 3:20 | Queue | Villager (Male) |
| 3:30 | Queue | Villager (Male) |
| 4:03 | Build | House |
| 4:09 | Queue | Villager (Male) |
| 4:24 | Queue | Villager (Male) |
| 4:39 | Build | Barracks |
| 4:59 | Queue | Villager (Male) |
| 5:06 | Build | House |
| 5:24 | Queue | Villager (Male) |
| 5:30 | Queue | Militia |
| 5:42 | Queue | Villager (Male) |
| 5:52 | Queue | Militia |
| 6:09 | Build | House |
| 6:10 | Queue | Militia |
| 6:13 | Queue | Villager (Male) |
| 6:25 | Build | Palisade Wall |
| 6:32 | Queue | Villager (Male) |
| 6:41 | Build | Palisade Wall |
| 6:48 | Queue | Villager (Male) |
| 6:49 | Queue | Villager (Male) |
| 6:57 | Build | Mill |
| 7:15 | Build | Palisade Wall |
| 7:37 | Build | Palisade Wall |
| 7:57 | Queue | Villager (Male) |
| 8:24 | Queue | Villager (Male) |
| 8:32 | Build | Mining Camp |
| 8:34 | Build | Palisade Wall |
| 8:42 | Research | Feudal Age |
| 9:08 | Build | Palisade Wall |
| 9:28 | Build | Palisade Wall |
| 9:34 | Queue | Villager (Male) |
| 10:10 | Build | Palisade Wall |
| 10:12 | Build | Palisade Wall |
| 10:13 | Build | Palisade Wall |
| 10:15 | Build | House |
| 10:59 | Age | Feudal Age |
| 11:01 | Build | Archery Range |
| 11:04 | Research | Horse Collar |
| 11:05 | Research | Double-Bit Axe |
| 11:20 | Queue | Villager (Male) |
| 11:27 | Build | Farm |
| 11:27 | Queue | Spearman |
| 11:45 | Queue | Villager (Male) |
| 11:46 | Build | Farm |
| 11:54 | Queue | Spearman |
| 12:02 | Queue | Villager (Male) |
| 12:10 | Queue | Villager (Male) |
| 12:15 | Build | Farm |
| 12:29 | Queue | Villager (Male) |
| 12:30 | Queue | Archer |
| 12:35 | Build | House |
| 12:40 | Build | Farm |
| 12:42 | Build | Farm |
| 12:45 | Build | House |
| 12:54 | Build | House |
| 12:58 | Build | Farm |
| 13:03 | Queue | Archer |
| 13:29 | Queue | Archer |
| 13:31 | Build | Blacksmith |
| 13:34 | Queue | Villager (Male) |
| 13:37 | Build | Farm |
| 13:46 | Build | Palisade Wall |
| 13:50 | Queue | Villager (Male) |
| 13:53 | Build | Farm |
| 14:06 | Build | Palisade Wall |
| 14:07 | Queue | Archer |
| 14:15 | Queue | Villager (Male) |
| 14:18 | Build | Farm |
| 14:30 | Queue | Villager (Male) |
| 14:30 | Queue | Archer |
| 14:33 | Build | House |
| 14:51 | Build | Farm |
| 14:59 | Build | Farm |
| 15:14 | Queue | Villager (Male) |
| 15:16 | Queue | Archer |
| 15:16 | Queue | Villager (Male) |
| 15:18 | Build | Farm |
| 15:33 | Build | Farm |
| 15:40 | Build | House |
| 15:47 | Queue | Archer |
| 16:10 | Queue | Villager (Male) |
| 16:31 | Queue | Archer |
| 16:35 | Research | Castle Age |
| 16:50 | Queue | Villager (Male) |
| 16:59 | Research | Fletching |
| 17:27 | Queue | Archer |
| 17:34 | Build | House |
| 17:49 | Research | Padded Archer Armor |
| 18:10 | Queue | Archer |
| 18:10 | Queue | Archer |
| 18:23 | Queue | Villager (Male) |
| 18:25 | Build | House |
| 18:35 | Queue | Archer |
| 19:15 | Age | Castle Age |
| 19:20 | Build | Town Center |
| 19:23 | Research | Wheelbarrow |
| 19:24 | Research | Bow Saw |
| 19:35 | Research | Crossbowman (upgrade) |
| 19:42 | Queue | Villager (Male) |
| 19:51 | Build | Town Center |
| 20:05 | Queue | Archer |
| 20:22 | Build | University |
| 20:34 | Queue | Archer |
| 20:36 | Queue | Villager (Male) |
| 20:46 | Queue | Villager (Male) |
| 20:47 | Queue | Archer |
| 20:53 | Build | Palisade Gate |
| 21:04 | Queue | Villager (Male) |
| 21:06 | Build | Farm |
| 21:13 | Queue | Villager (Male) |
| 21:15 | Queue | Archer |
| 21:20 | Build | Palisade Wall |
| 21:26 | Queue | Villager (Male) |
| 21:29 | Queue | Archer |
| 21:42 | Queue | Archer |
| 21:49 | Queue | Villager (Male) |
| 21:50 | Queue | Villager (Male) |
| 21:59 | Research | Ballistics |
| 21:59 | Queue | Villager (Male) |
| 22:01 | Build | House |
| 22:03 | Queue | Villager (Male) |
| 22:03 | Queue | Villager (Male) |
| 22:07 | Build | Farm |
| 22:25 | Queue | Villager (Male) |
| 22:26 | Build | Siege Workshop |
| 22:27 | Build | House |
| 22:37 | Queue | Villager (Male) |
| 22:41 | Queue | Villager (Male) |
| 22:42 | Queue | Villager (Male) |
| 22:42 | Queue | Villager (Male) |
| 22:42 | Queue | Villager (Male) |
| 22:44 | Build | Farm |
| 22:47 | Build | House |
| 23:00 | Queue | Villager (Male) |
| 23:01 | Queue | Villager (Male) |
| 23:04 | Queue | Mangonel |
| 23:07 | Build | House |
| 23:15 | Queue | Villager (Male) |
Match timeline
| 3:52 | 吊大师 · wall_segment Palisade Wall x1 |
| 4:28 | 吊大师 · wall_segment Palisade Wall x1 |
| 4:33 | 吊大师 · wall_segment Palisade Wall x7 |
| 4:39 | Mawashigeri · first_building Barracks |
| 6:25 | Mawashigeri · wall_segment Palisade Wall x11 |
| 6:41 | Mawashigeri · wall_segment Palisade Wall x9 |
| 7:15 | Mawashigeri · wall_segment Palisade Wall x1 |
| 7:32 | 吊大师 · first_building Barracks |
| 7:37 | Mawashigeri · wall_segment Palisade Wall x6 |
| 8:34 | Mawashigeri · wall_segment Palisade Wall x7 |
| 8:53 | 吊大师 · age_up feudal |
| 9:02 | 吊大师 · first_building Stable |
| 9:08 | Mawashigeri · wall_segment Palisade Wall x9 |
| 9:10 | 吊大师 · wall_segment Palisade Wall x1 |
| 9:12 | 吊大师 · wall_segment Palisade Wall x1 |
| 9:28 | Mawashigeri · wall_segment Palisade Wall x8 |
| 10:10 | Mawashigeri · wall_segment Palisade Wall x1 |
| 10:12 | Mawashigeri · wall_segment Palisade Wall x1 |
| 10:13 | Mawashigeri · wall_segment Palisade Wall x1 |
| 10:59 | Mawashigeri · age_up feudal |
| 11:01 | Mawashigeri · first_building Archery Range |
| 11:38 | 吊大师 · wall_segment Palisade Wall x4 |
| 11:40 | 吊大师 · wall_segment Palisade Wall x3 |
| 12:05 | 吊大师 · first_building Archery Range |
| 13:46 | Mawashigeri · wall_segment Palisade Wall x1 |
| 14:06 | Mawashigeri · wall_segment Palisade Wall x1 |
| 15:59 | 吊大师 · wall_segment Palisade Wall x4 |
| 16:59 | 吊大师 · wall_segment Palisade Wall x7 |
| 17:44 | 吊大师 · wall_segment Palisade Wall x6 |
| 19:15 | Mawashigeri · age_up castle |
| 20:35 | 吊大师 · age_up castle |
| 20:40 | 吊大师 · first_building Siege Workshop |
| 21:20 | Mawashigeri · wall_segment Palisade Wall x9 |
| 22:26 | Mawashigeri · first_building Siege Workshop |
| 22:40 | 吊大师 · first_building Monastery |
| 25:28 | 吊大师 · first_market_buy 100 stone |
| 29:44 | Mawashigeri · first_building Castle |
| 30:18 | Mawashigeri · first_market_sell 100 wood |
| 30:18 | Mawashigeri · first_market_buy 100 food |
| 32:20 | 吊大师 · first_building Castle |
| 33:28 | 吊大师 · resign |
[ AI ANALYSIS · 1 CREDIT ]
What really happened in this match?
Wolo.gg analyzes every decision: build order, eco, micro, common mistakes by bracket. Personalized analysis on WhatsApp or Discord in 30 seconds.
Civ guide
Poles
Perfil
Jugador #12361437